 Dungeon Crawl Stone Soup version 0.20.1-1-g8b1a95d (webtiles) character file.

109 Jail the Chucker (level 4, -9/48 HPs)
             Began as an Ogre Hunter on Sept 9, 2017.
             Killed themself with a badly aimed iceblast (15 damage)
             ... on level 2 of the Dungeon.
             The game lasted 00:06:21 (1721 turns).

Jail the Chucker (Ogre Hunter)                      Turns: 1721, Time: 00:06:21

Health: -9/48      AC:  3    Str: 16    XL:     4   Next: 89%
Magic:  4/4        EV: 10    Int: 12    God:
Gold:   88         SH:  0    Dex: 10    Spells: 3/3 levels left

rFire    . . .     SeeInvis .   m - +0 whip
rCold    . . .     Gourm    .   (no shield)
rNeg     . . .     Faith    .   b - +0 robe
rPois    .         Spirit   .   (helmet restricted)
rElec    .         Reflect  .   (no cloak)
rCorr    .         Harm     .   (gloves unavailable)
MR       .....                  (boots unavailable)
Stlth    +.........             (no amulet)
Regen    0.2/turn               (no ring)
MPRegen  0.1/turn               (no ring)

@: no status effects
A: unfitting armour, tough skin 1
a: no special abilities


You were on level 2 of the Dungeon.
You were hungry.

You visited 1 branch of the dungeon, and saw 3 of its levels.

You collected 88 gold pieces.

Inventory:

Hand Weapons
 a - a +0 short sword
 l - a cursed +0 club
 m - a +0 whip (weapon)
Missiles
 c - 2 large rocks (quivered)
Armour
 b - a +0 robe (worn)
Jewellery
 p - an uncursed ring of protection from cold {unknown}
Wands
 o - a wand of random effects (28/48)
Scrolls
 j - a scroll of teleportation {unknown}
 n - a scroll of amnesia {unknown}
Potions
 e - a potion of curing {unknown}
 h - a potion of heal wounds {unknown}
 k - a potion of berserk rage {unknown}
 r - a potion of haste {unknown}
Comestibles
 f - a bread ration
 g - a meat ration
 i - 3 royal jellies


   Skills:
 + Level 4.1 Fighting
 + Level 1.1 Maces & Flails
 + Level 4.8 Throwing
 + Level 2.4 Dodging
 - Level 0.6 Stealth


You had 3 spell levels left.
You didn't know any spells.

Dungeon Overview and Level Annotations

Branches:
Dungeon (3/15)

Altars:
Trog
Yredelemnul


Innate Abilities, Weirdness & Mutations

You are too large for most types of armour.
You have tough skin. (AC +1)


Message History

Something hits you!
You hit something. You miss something. Something hits you but does no damage.
You closely miss something. Something hits you.
You hit something. Something hits you.
You hit something but do no damage. Something hits you.
You completely miss something. Something hits you.
* * * LOW HITPOINT WARNING * * *
You hit something but do no damage. Something hits you.
* * * LOW HITPOINT WARNING * * *
You barely miss something. Something hits you.
* * * LOW HITPOINT WARNING * * *
You hit something but do no damage. Something hits you.
* * * LOW HITPOINT WARNING * * *
Aiming: Random Effects (will waste charges)
Press: ? - help, Shift-Dir - straight line The mass of ice explodes!
The iceblast engulfs something.
Reactivating autopickup.
You feel a bit more experienced. The iceblast engulfs you!
You die...

###### #.##.####### ######
#.##.......# .....# #.##.#####.#
#.#### #........#.# #.#
######### #.##.###.#.# #.#
#.......####.##.# #.#.#
#.####.........)@....###.#.#
#..#.........####..#.....#.#####
#..#.#.......#......<..........#
..........>..###....############
..........................#
.........#.####.....#####.#
.....###.#.####...........#
.....###.#.#.....#...####.#
.....................# #.#


There were no monsters in sight!

Vanquished Creatures
  Terence (D:2)
  A gnoll (D:1)
  An adder (D:2)
  4 oozes
  A worm (D:2)
  3 dart slugs
  A bat (D:1)
  5 giant cockroaches
  6 goblins
  4 hobgoblins
  3 jackals
  4 kobolds (D:1)
  6 rats
40 creatures vanquished.

Notes
Turn   | Place    | Note
-------+----------+-------------------------------------------
     0 | D:1      | Jail the Ogre Hunter began the quest for the Orb.
     0 | D:1      | Reached XP level 1. HP: 22/22 MP: 1/1
   110 | D:1      | Reached XP level 2. HP: 28/31 MP: 2/2
   316 | D:1      | Reached XP level 3. HP: 35/37 MP: 3/3
  1095 | D:2      | Reached XP level 4. HP: 37/48 MP: 4/4
  1322 | D:2      | Found a basalt altar of Yredelemnul.
  1341 | D:2      | Found a bloodstained altar of Trog.
  1478 | D:2      | Reached skill level 1 in Maces & Flails
  1685 | D:3      | Noticed Terence
  1721 | D:2      | Killed Terence
  1721 | D:2      | Killed themself with a badly aimed iceblast

Skill      XL: |  1  2  3  4 |
---------------+-------------+-----
Fighting       | 3 4 |  4.1
Dodging        | 2 |  2.4
Maces & Flails | 1 |  1.1
Throwing       | |  4.8
Stealth        | |  0.6

Action                   |  1- 3 |  4- 6 || total
-------------------------+-------+-------++-------
Melee: Short sword       |    65 |       ||    65
       Whip              |    36 |    40 ||    76
Throw: Large rock        |     9 |     4 ||    13
       Throwing net      |       |     2 ||     2
 Stab: Sleeping          |       |     1 ||     1
  Eat: Chunk             |     1 |     1 ||     2
Armor: Robe              |    21 |     5 ||    26
Dodge: Dodged            |    56 |     8 ||    64
